[Event "GambitGuide"]
[Site "Internet Chess Club"]
[Date "2014.10.31"]
[Round "1"]
[White "JSBach"]
[Black "youngjp"]
[Result "1-0"]
[ICCResult "Black resigns"]
[WhiteElo "1657"]
[BlackElo "2054"]
[Opening "Vienna: `Frankenstein-Dracula' variation"]
[ECO "C27"]
[NIC "VG.02"]
[Time "19:49:32"]
[TimeControl "120+12"]

1. e4 e5 2. Nc3 Nf6 3. Bc4 Nxe4 4. Qh5 Nd6 5. Bb3 Nc6 6. Nb5 g6 7. Qf3 f5 8.
Qd5 Qe7 9. Nxc7+ Kd8 10. Nxa8 b6 11. d3 Bb7 12. Nxb6 axb6 13. Qf3 Nd4 14.
Qg3 Nxb3 15. axb3 f4 16. Qg4 Nf5 17. Ra7 Kc8 18. Nf3 Qf6 19. O-O h5 20. Qh3
g5 21. Ra4 g4 22. Rc4+ Kb8 23. Nxe5 gxh3 24. Nxd7+ Ka7 25. Ra4+ Ba6 26. Nxf6
hxg2 27. Kxg2 Be7 28. Rxf4 Bxf6 29. Rxf5 Bb7+ 30. f3 Rg8+ 31. Kh1 Bd4 32. c3
Bc5 33. d4 Bd6 34. Rxh5 Rf8 35. d5 Ba6 36. Rh7+ Kb8 37. c4 Bc7 38. h4 Bf4
39. Bxf4+ Rxf4 40. h5 {Black resigns} 1-0

[Event "GambitGuide"]
[Site "Internet Chess Club"]
[Date "2014.10.31"]
[Round "1"]
[White "JSBach"]
[Black "Spirals"]
[Result "0-1"]
[ICCResult "White checkmated"]
[WhiteElo "1657"]
[BlackElo "2176"]
[Opening "Vienna: `Frankenstein-Dracula' variation"]
[ECO "C27"]
[NIC "VG.02"]
[Time "19:51:14"]
[TimeControl "120+12"]

1. e4 e5 2. Nc3 Nf6 3. Bc4 Nxe4 4. Qh5 Nd6 5. Bb3 Nc6 6. Nb5 g6 7. Qf3 f5 8.
Qd5 Qe7 9. Nxc7+ Kd8 10. Nxa8 b6 11. d3 Bb7 12. Nxb6 axb6 13. Qf3 Nd4 14.
Qg3 f4 15. Qg4 Bd5 16. c4 h5 17. Qxg6 Bf7 18. Qxf7 Nxf7 19. Bd2 Bh6 20. Ba4
f3 21. g3 Bxd2+ 22. Kxd2 Qb4+ 23. Ke3 Qxa4 24. Rb1 Qc2 25. Ra1 Qxb2 26. Rd1
Nd6 27. a4 N6f5+ 28. Ke4 Qxf2 29. Kxe5 Qe3+ 30. Kf6 Qe7+ 31. Kg6 Rg8+ 32.
Kxh5 Qg5# {White checkmated} 0-1

[Event "GambitGuide"]
[Site "Internet Chess Club"]
[Date "2014.10.31"]
[Round "1"]
[White "JSBach"]
[Black "attalone"]
[Result "1-0"]
[ICCResult "Black resigns"]
[WhiteElo "1657"]
[BlackElo "1396"]
[Opening "Vienna: `Frankenstein-Dracula' variation"]
[ECO "C27"]
[NIC "VG.02"]
[Time "19:50:45"]
[TimeControl "120+12"]

1. e4 e5 2. Nc3 Nf6 3. Bc4 Nxe4 4. Qh5 Nd6 5. Bb3 Nc6 6. Nb5 g6 7. Qf3 f5 8.
Qd5 Qe7 9. Nxc7+ Kd8 10. Nxa8 b6 11. d3 Bb7 12. Nxb6 axb6 13. Qf3 Kc7 14.
Bd2 Nd4 15. Qg3 Nxb3 16. axb3 e4 17. Bg5 Qe6 18. d4 h6 19. d5 Qe8 20. Qc3+
Kb8 21. Qxh8 e3 22. Bxe3 Ne4 23. Kf1 Bc5 24. Qxe8+ {Black resigns} 1-0

[Event "GambitGuide"]
[Site "Internet Chess Club"]
[Date "2014.10.31"]
[Round "1"]
[White "JSBach"]
[Black "kingsac"]
[Result "1/2-1/2"]
[ICCResult "Game drawn by repetition"]
[WhiteElo "1657"]
[BlackElo "1964"]
[Opening "Vienna: `Frankenstein-Dracula' variation"]
[ECO "C27"]
[NIC "VG.02"]
[Time "19:50:43"]
[TimeControl "120+12"]

1. e4 e5 2. Nc3 Nf6 3. Bc4 Nxe4 4. Qh5 Nd6 5. Bb3 Nc6 6. Nb5 g6 7. Qf3 f5 8.
Qd5 Qe7 9. Nxc7+ Kd8 10. Nxa8 b6 11. d3 Ba6 12. Nf3 e4 13. Bg5 exf3+ 14.
Bxe7+ Bxe7 15. Ba4 b5 16. Bb3 Bb7 17. Qxf3 Bxa8 18. a4 b4 19. O-O Kc7 20.
Qd5 Bf6 21. Rab1 Re8 22. Qc5 Re5 23. Bd5 Nb7 24. Qc4 Nd6 25. Qc5 Nb7 26. Qc4
Nd6 27. Qc5 Nb7 28. Qc4 Nd6 29. Qc5 Nb7 30. Qc4 {Game drawn by repetition}
1/2-1/2

[Event "GambitGuide"]
[Site "Internet Chess Club"]
[Date "2014.10.31"]
[Round "1"]
[White "JSBach"]
[Black "youngjp"]
[Result "1-0"]
[ICCResult "Black checkmated"]
[WhiteElo "1657"]
[BlackElo "2054"]
[Opening "Vienna: `Frankenstein-Dracula' variation"]
[ECO "C27"]
[NIC "VG.02"]
[Time "19:51:25"]
[TimeControl "120+12"]

1. e4 e5 2. Nc3 Nf6 3. Bc4 Nxe4 4. Qh5 Nd6 5. Bb3 Nc6 6. Nb5 g6 7. Qf3 f5 8.
Qd5 Qe7 9. Nxc7+ Kd8 10. Nxa8 b6 11. d3 Bb7 12. Nxb6 axb6 13. Qf3 Nd4 14.
Qh3 Bg7 15. Be3 f4 16. Bxd4 exd4+ 17. Kf1 Nf5 18. Re1 Qf6 19. Ne2 Ne3+ 20.
Kg1 Nxg2 21. Ba4 Qe6 22. Qxe6 dxe6 23. Rd1 Nh4 24. Nxf4 Bxh1 25. Nxe6+ Ke7
26. Nxg7 Bf3 27. Re1+ Kf7 28. Ne6 Bg4 29. Nxd4 Rd8 30. c3 Kf6 31. Bc6 Kg5
32. a4 Kf4 33. f3 Bh3 34. b4 g5 35. Re4# {Black checkmated} 1-0

[Event "GambitGuide"]
[Site "Internet Chess Club"]
[Date "2014.10.31"]
[Round "1"]
[White "JSBach"]
[Black "Ricardov"]
[Result "0-1"]
[ICCResult "White checkmated"]
[WhiteElo "1657"]
[BlackElo "2155"]
[Opening "Vienna: `Frankenstein-Dracula' variation"]
[ECO "C27"]
[NIC "VG.02"]
[Time "19:47:46"]
[TimeControl "120+12"]

1. e4 e5 2. Nc3 Nf6 3. Bc4 Nxe4 4. Qh5 Nd6 5. Bb3 Nc6 6. Nb5 g6 7. Qf3 f5 8.
Qd5 Qe7 9. Nxc7+ Kd8 10. Nxa8 b6 11. d3 Bb7 12. Nxb6 axb6 13. Qf3 Kc7 14.
Be3 g5 15. Bd5 g4 16. Qd1 h5 17. Ne2 f4 18. Bd2 Bh6 19. c4 e4 20. dxe4 Nxe4
21. Bxc6 Bxc6 22. O-O f3 23. Bxh6 Rxh6 24. Nd4 fxg2 25. Kxg2 Bb7 26. Kg1 Ng5
27. Re1 Qc5 28. Qd3 Qxd4 29. Qxd4 Nf3+ 30. Kf1 Nxd4 31. Re7 Bc6 32. b4 b5
33. cxb5 Bxb5+ 34. Kg2 Rf6 35. Rae1 h4 36. R1e3 Bc6+ 37. f3 gxf3+ 38. Kf2
Rg6 39. Rd3 Rg2+ 40. Ke1 Nc2+ 41. Kf1 Bb5 42. Rxd7+ Bxd7 43. Rxf3 Rxh2 44.
Kg1 Rd2 45. Rc3+ Kb7 46. a3 h3 47. Rf3 Nd4 48. Rf7 h2+ 49. Kh1 Kc8 50. Rf8+
Kc7 51. Rf7 Kd8 52. b5 Bxb5 53. Rf6 Bc6+ 54. Rxc6 Nxc6 55. a4 Nd4 56. a5 Nf5
57. a6 Ng3# {White checkmated} 0-1

[Event "GambitGuide"]
[Site "Internet Chess Club"]
[Date "2014.10.31"]
[Round "1"]
[White "JSBach"]
[Black "SPARNALIQ"]
[Result "1-0"]
[ICCResult "Black forfeits on time"]
[WhiteElo "1657"]
[BlackElo "2818"]
[Opening "Vienna: `Frankenstein-Dracula' variation"]
[ECO "C27"]
[NIC "VG.02"]
[Time "19:49:41"]
[TimeControl "120+12"]

1. e4 e5 2. Nc3 Nf6 3. Bc4 Nxe4 4. Qh5 Nd6 5. Bb3 Nc6 6. Nb5 g6 7. Qf3 f5 8.
Qd5 Qe7 9. Nxc7+ Kd8 10. Nxa8 b6 11. d3 Bb7 12. Nxb6 axb6 13. Qf3 Kc7 14.
Be3 Nd4 15. Qh3 Bg7 16. Rc1 Re8 17. Kf1 f4 18. Bxd4 exd4 19. Qxh7 Qg5 20. f3
{Black forfeits on time}
1-0

[Event "GambitGuide"]
[Site "Internet Chess Club"]
[Date "2014.10.31"]
[Round "1"]
[White "JSBach"]
[Black "JeffH"]
[Result "1-0"]
[ICCResult "Black resigns"]
[WhiteElo "1647"]
[BlackElo "1183"]
[Opening "Vienna: `Frankenstein-Dracula' variation"]
[ECO "C27"]
[NIC "VG.02"]
[Time "19:50:03"]
[TimeControl "120+12"]

1. e4 e5 2. Nc3 Nf6 3. Bc4 Nxe4 4. Qh5 Nd6 5. Bb3 Nc6 6. Nb5 g6 7. Qf3 f5 8.
Qd5 Qe7 9. Nxc7+ Kd8 10. Nxa8 b6 11. d3 Bb7 12. Nxb6 axb6 13. Qf3 Nd4 14.
Qg3 f4 15. Qg4 h5 16. Qxg6 Rh6 17. Qg8 Qf6 18. Ne2 Rg6 19. Qh7 Nxe2 20. Kxe2
Rh6 21. Qg8 Rh8 22. Qxh8 Qxh8 23. Rg1 Nb5 24. Kd1 Nd4 25. Bf7 h4 26. c3 Nc6
27. Re1 Qf6 28. Bd5 Kc7 29. Bd2 Ne7 30. Bxb7 Kxb7 31. Rc1 Qg6 32. Rxe5 Qxd3
33. Ke1 f3 34. g4 hxg3 35. hxg3 Qh7 36. Be3 Nc6 37. Rb5 Bc5 38. Bxc5 Qe4+
39. Be3 Kc7 40. b3 Ne7 41. Rb4 Qe5 42. Kd2 Nd5 43. Rc4+ Kd6 44. Re1 b5 45.
Bc5+ {Black resigns} 1-0

[Event "GambitGuide"]
[Site "Internet Chess Club"]
[Date "2014.10.31"]
[Round "1"]
[White "JSBach"]
[Black "kingsac"]
[Result "1-0"]
[ICCResult "Black resigns"]
[WhiteElo "1647"]
[BlackElo "1964"]
[Opening "Vienna: `Frankenstein-Dracula' variation"]
[ECO "C27"]
[NIC "VG.02"]
[Time "19:52:43"]
[TimeControl "120+12"]

1. e4 e5 2. Nc3 Nf6 3. Bc4 Nxe4 4. Qh5 Nd6 5. Bb3 Nc6 6. Nb5 g6 7. Qf3 f5 8.
Qd5 Qe7 9. Nxc7+ Kd8 10. Nxa8 b6 11. d3 Bb7 12. Nxb6 axb6 13. Qf3 Bg7 14.
Be3 Kc7 15. Bd5 Nd4 16. Bxd4 Bxd5 17. Bxb6+ Kxb6 18. Qxd5 e4 19. d4 Qe6 20.
Qxe6 dxe6 21. c3 e5 22. d5 Rb8 23. b4 Nc4 24. a4 e3 25. a5+ Kb5 26. Ne2
exf2+ 27. Kxf2 e4 28. Rhd1 e3+ 29. Kf3 Re8 30. g3 Nd2+ 31. Kg2 Rd8 32. a6
Rxd5 33. Ra5+ Kc4 34. Rxd5 Kxd5 35. a7 {Black resigns} 1-0

[Event "GambitGuide"]
[Site "Internet Chess Club"]
[Date "2014.10.31"]
[Round "1"]
[White "JSBach"]
[Black "attalone"]
[Result "1-0"]
[ICCResult "Black checkmated"]
[WhiteElo "1647"]
[BlackElo "1396"]
[Opening "Vienna: `Frankenstein-Dracula' variation"]
[ECO "C27"]
[NIC "VG.02"]
[Time "19:52:54"]
[TimeControl "120+12"]

1. e4 e5 2. Nc3 Nf6 3. Bc4 Nxe4 4. Qh5 Nd6 5. Bb3 Nc6 6. Nb5 g6 7. Qf3 f5 8.
Qd5 Qe7 9. Nxc7+ Kd8 10. Nxa8 b6 11. d3 Nd4 12. f4 Nxb3 13. axb3 Bg7 14.
Rxa7 exf4+ 15. Kf1 Re8 16. Bd2 Qe6 17. Nxb6 Qxd5 18. Nxd5 Bxb2 19. Ba5#
{Black checkmated}
1-0

[Event "GambitGuide"]
[Site "Internet Chess Club"]
[Date "2014.10.31"]
[Round "1"]
[White "JSBach"]
[Black "youngjp"]
[Result "1-0"]
[ICCResult "Black resigns"]
[WhiteElo "1647"]
[BlackElo "2054"]
[Opening "Vienna: `Frankenstein-Dracula' variation"]
[ECO "C27"]
[NIC "VG.02"]
[Time "19:53:13"]
[TimeControl "120+12"]

1. e4 e5 2. Nc3 Nf6 3. Bc4 Nxe4 4. Qh5 Nd6 5. Bb3 Nc6 6. Nb5 g6 7. Qf3 f5 8.
Qd5 Qe7 9. Nxc7+ Kd8 10. Nxa8 b6 11. d3 Bb7 12. Nxb6 axb6 13. Qf3 e4 14. Qe3
h5 15. Qxb6+ Kc8 16. Be3 g5 17. dxe4 Nxe4 18. O-O-O f4 19. Bd2 Qc5 20. Qxc5
Bxc5 21. f3 Nf2 22. Bc3 Re8 23. Bf7 Re7 24. Nh3 Nxd1 25. Kxd1 Rxf7 26. Nxg5
Rf5 27. Ne4 Bb6 28. Nd6+ {Black resigns} 1-0

[Event "GambitGuide"]
[Site "Internet Chess Club"]
[Date "2014.10.31"]
[Round "1"]
[White "JSBach"]
[Black "youngjp"]
[Result "1-0"]
[ICCResult "Black resigns"]
[WhiteElo "1647"]
[BlackElo "2054"]
[Opening "Vienna: `Frankenstein-Dracula' variation"]
[ECO "C27"]
[NIC "VG.02"]
[Time "19:54:11"]
[TimeControl "120+12"]

1. e4 e5 2. Nc3 Nf6 3. Bc4 Nxe4 4. Qh5 Nd6 5. Bb3 Nc6 6. Nb5 g6 7. Qf3 f5 8.
Qd5 Qe7 9. Nxc7+ Kd8 10. Nxa8 b6 11. d3 Bb7 12. Nxb6 axb6 13. Qf3 e4 14. Qe3
Kc7 15. Ne2 h5 16. Nf4 {Black resigns} 1-0

[Event "GambitGuide"]
[Site "Internet Chess Club"]
[Date "2014.10.31"]
[Round "1"]
[White "JSBach"]
[Black "JeffH"]
[Result "1-0"]
[ICCResult "Black resigns"]
[WhiteElo "1647"]
[BlackElo "1183"]
[Opening "Vienna: `Frankenstein-Dracula' variation"]
[ECO "C27"]
[NIC "VG.02"]
[Time "19:53:43"]
[TimeControl "120+12"]

1. e4 e5 2. Nc3 Nf6 3. Bc4 Nxe4 4. Qh5 Nd6 5. Bb3 Nc6 6. Nb5 g6 7. Qf3 f5 8.
Qd5 Qe7 9. Nxc7+ Kd8 10. Nxa8 b6 11. d3 Bb7 12. Nxb6 axb6 13. Qf3 Nd4 14.
Qg3 f4 15. Qg4 h5 16. Qxg6 Rh6 17. Qg8 Qf6 18. Ne2 Nxe2 19. Kxe2 Rh8 20.
Qxh8 Qxh8 21. Kf1 Qg7 22. Rg1 f3 23. gxf3 Qf6 24. Bg5 {Black resigns} 1-0

[Event "GambitGuide"]
[Site "Internet Chess Club"]
[Date "2014.10.31"]
[Round "1"]
[White "JSBach"]
[Black "WladBishop"]
[Result "1-0"]
[ICCResult "Black checkmated"]
[WhiteElo "1647"]
[BlackElo "1399"]
[Opening "Vienna: `Frankenstein-Dracula' variation"]
[ECO "C27"]
[NIC "VG.02"]
[Time "19:53:38"]
[TimeControl "120+12"]

1. e4 e5 2. Nc3 Nf6 3. Bc4 Nxe4 4. Qh5 Nd6 5. Bb3 Nc6 6. Nb5 g6 7. Qf3 f5 8.
Qd5 Qe7 9. Nxc7+ Kd8 10. Nxa8 b6 11. d3 Bb7 12. Nxb6 axb6 13. Qf3 Nd4 14.
Qg3 Nxb3 15. axb3 Bg7 16. Be3 f4 17. Bxb6+ Ke8 18. Qg4 Nf5 19. Kf1 Bc8 20.
d4 d6 21. Qf3 Bb7 22. d5 Qd7 23. c4 g5 24. Qh5+ Qf7 25. Qxg5 h6 26. Qd8#
{Black checkmated}
1-0

[Event "GambitGuide"]
[Site "Internet Chess Club"]
[Date "2014.10.31"]
[Round "1"]
[White "JSBach"]
[Black "QuieroAprender"]
[Result "1-0"]
[ICCResult "Black resigns"]
[WhiteElo "1637"]
[BlackElo "1379"]
[Opening "Vienna: `Frankenstein-Dracula' variation"]
[ECO "C27"]
[NIC "VG.02"]
[Time "19:50:04"]
[TimeControl "120+12"]

1. e4 e5 2. Nc3 Nf6 3. Bc4 Nxe4 4. Qh5 Nd6 5. Bb3 Nc6 6. Nb5 g6 7. Qf3 f5 8.
Qd5 Qe7 9. Nxc7+ Kd8 10. Nxa8 b6 11. d3 Bb7 12. Nxb6 axb6 13. Qf3 Nd4 14.
Qh3 Bg7 15. Ba4 e4 16. Kf1 exd3 17. Qxd3 b5 18. Be3 Be4 19. Qd2 Nc4 20. Qd1
Nxe3+ 21. fxe3 bxa4 22. exd4 Qg5 23. Nf3 Qe3 24. b4 Re8 25. b5 Bxf3 26. Qxf3
Qxd4 27. Rd1 Qc4+ 28. Qd3 Qc7 29. Qd5 Qf4+ 30. Qf3 Qc4+ 31. Qd3 Qf4+ 32. Qf3
Qc4+ 33. Qd3 Qe6 34. c4 Kc8 35. c5 Qxa2 36. Qxd7+ Kb8 37. Qxe8+ {Black
resigns} 1-0

[Event "GambitGuide"]
[Site "Internet Chess Club"]
[Date "2014.10.31"]
[Round "1"]
[White "JSBach"]
[Black "kingsac"]
[Result "1-0"]
[ICCResult "Black checkmated"]
[WhiteElo "1637"]
[BlackElo "1964"]
[Opening "Vienna: `Frankenstein-Dracula' variation"]
[ECO "C27"]
[NIC "VG.02"]
[Time "19:54:02"]
[TimeControl "120+12"]

1. e4 e5 2. Nc3 Nf6 3. Bc4 Nxe4 4. Qh5 Nd6 5. Bb3 Nc6 6. Nb5 g6 7. Qf3 f5 8.
Qd5 Qe7 9. Nxc7+ Kd8 10. Nxa8 b6 11. d3 Bb7 12. Nxb6 axb6 13. Qf3 e4 14. Qe3
exd3 15. cxd3 Bg7 16. Ne2 Re8 17. Qxb6+ Kc8 18. Be3 Bxb2 19. Rb1 Bf6 20. O-O
Qd8 21. Qc5 Qc7 22. Rfc1 g5 23. f4 g4 24. Bd4 Bxd4+ 25. Nxd4 Kd8 26. Nxf5
Nxf5 27. Qxf5 Qb6+ 28. Kh1 Qf2 29. Qg5+ Kc8 30. Bf7 Re2 31. Qxg4 Kb8 32.
Rxb7+ Kxb7 33. Qxd7+ Kb8 34. Qd6+ Ka7 35. Qc7+ Ka8 36. Qxc6+ Ka7 37. Qc7+
Ka8 38. Bd5# {Black checkmated} 1-0

[Event "GambitGuide"]
[Site "Internet Chess Club"]
[Date "2014.10.31"]
[Round "1"]
[White "JSBach"]
[Black "Zhbugnoimt"]
[Result "0-1"]
[ICCResult "White checkmated"]
[WhiteElo "1637"]
[BlackElo "1680"]
[Opening "Vienna: `Frankenstein-Dracula' variation"]
[ECO "C27"]
[NIC "VG.02"]
[Time "19:55:06"]
[TimeControl "120+12"]

1. e4 e5 2. Nc3 Nf6 3. Bc4 Nxe4 4. Qh5 Nd6 5. Bb3 Nc6 6. Nb5 g6 7. Qf3 f5 8.
Qd5 Qe7 9. Nxc7+ Kd8 10. Nxa8 b6 11. d3 Bb7 12. Nxb6 axb6 13. Qf3 Nd4 14.
Qg3 f4 15. Qg4 Qf6 16. Ba4 N6f5 17. c3 h5 18. Qh3 g5 19. cxd4 g4 20. Bxf4
exf4 21. Bc6 Bxc6 22. d5 Qxb2 23. Rd1 Bb4+ 24. Kf1 Bxd5 25. a3 Ne3+ 26. fxe3
gxh3 27. Ne2 hxg2+ 28. Kf2 f3 29. Rhe1 Bxe1+ 30. Rxe1 g1=Q+ 31. Kxg1 Rg8+
32. Kf1 fxe2+ 33. Rxe2 Qc1+ 34. Re1 Rg1+ 35. Kxg1 Qxe1# {White checkmated}
0-1

[Event "GambitGuide"]
[Site "Internet Chess Club"]
[Date "2014.10.31"]
[Round "1"]
[White "JSBach"]
[Black "graccus"]
[Result "0-1"]
[ICCResult "White checkmated"]
[WhiteElo "1637"]
[BlackElo "1364"]
[Opening "Vienna: `Frankenstein-Dracula' variation"]
[ECO "C27"]
[NIC "VG.02"]
[Time "19:51:19"]
[TimeControl "120+12"]

1. e4 e5 2. Nc3 Nf6 3. Bc4 Nxe4 4. Qh5 Nd6 5. Bb3 Nc6 6. Nb5 g6 7. Qf3 f5 8.
Qd5 Qe7 9. Nxc7+ Kd8 10. Nxa8 b6 11. d3 Bb7 12. Nxb6 axb6 13. Qf3 Nd4 14.
Qg3 f4 15. Qg4 Qf6 16. Ba4 Bc6 17. Bb3 h5 18. Qh3 g5 19. f3 g4 20. fxg4 hxg4
21. Qxg4 Rh6 22. Nf3 Rg6 23. Qh3 Rh6 24. Qg4 Nxf3+ 25. gxf3 Rg6 26. Qh5 Nf5
27. Kd1 Ne3+ 28. Bxe3 fxe3 29. Rf1 Rg5 30. Qf7 Qh6 31. Re1 Bc5 32. Rh1 Qh4
33. Qf6+ Kc7 34. Re1 Qxh2 35. Rxe3 Bxe3 36. Qxc6+ dxc6 37. Be6 Qd2#
{White checkmated}
0-1

[Event "GambitGuide"]
[Site "Internet Chess Club"]
[Date "2014.10.31"]
[Round "1"]
[White "JSBach"]
[Black "leonardoalmeida"]
[Result "0-1"]
[ICCResult "White checkmated"]
[WhiteElo "1637"]
[BlackElo "1843"]
[Opening "Vienna: `Frankenstein-Dracula' variation"]
[ECO "C27"]
[NIC "VG.02"]
[Time "19:55:18"]
[TimeControl "120+12"]

1. e4 e5 2. Nc3 Nf6 3. Bc4 Nxe4 4. Qh5 Nd6 5. Bb3 Nc6 6. Nb5 g6 7. Qf3 f5 8.
Qd5 Qe7 9. Nxc7+ Kd8 10. Nxa8 b6 11. d3 Bb7 12. Nxb6 axb6 13. Qf3 Nd4 14.
Qg3 f4 15. Qg4 Qf6 16. Ba4 Bc6 17. Bb3 h5 18. Qh3 Be7 19. Bd2 g5 20. f3 Qg7
21. Bb4 g4 22. fxg4 hxg4 23. Qxh8+ Qxh8 24. Kf1 f3 25. gxf3 Nxf3 26. Nxf3
Bxf3 27. Kg1 Bxh1 28. Kxh1 g3 29. Kg2 Qxh2+ 30. Kf3 Qf2+ 31. Kg4 g2 32. a4
g1=Q+ 33. Rxg1 Qxg1+ 34. Kh3 Nf5 35. Be1 Qxe1 36. Kg4 Qf2 37. Kh5 Qg3 38.
Bd5 Qg5# {White checkmated} 0-1

[Event "GambitGuide"]
[Site "Internet Chess Club"]
[Date "2014.10.31"]
[Round "1"]
[White "JSBach"]
[Black "Selfoss"]
[Result "1-0"]
[ICCResult "Black resigns"]
[WhiteElo "1637"]
[BlackElo "1316"]
[Opening "Vienna: `Frankenstein-Dracula' variation"]
[ECO "C27"]
[NIC "VG.02"]
[Time "19:56:00"]
[TimeControl "120+12"]

1. e4 e5 2. Nc3 Nf6 3. Bc4 Nxe4 4. Qh5 Nd6 5. Bb3 Nc6 6. Nb5 g6 7. Qf3 f5 8.
Qd5 Qe7 9. Nxc7+ Kd8 10. Nxa8 b6 11. d3 Bb7 12. Nxb6 axb6 13. Qf3 e4 14. Qe3
Bh6 15. Qxb6+ Kc8 16. Bxh6 exd3+ 17. Kf1 Re8 18. cxd3 Qe2+ 19. Nxe2
{Black resigns}
1-0

[Event "GambitGuide"]
[Site "Internet Chess Club"]
[Date "2014.10.31"]
[Round "1"]
[White "JSBach"]
[Black "uggi"]
[Result "1-0"]
[ICCResult "Black checkmated"]
[WhiteElo "1637"]
[BlackElo "1963"]
[Opening "Vienna: `Frankenstein-Dracula' variation"]
[ECO "C27"]
[NIC "VG.02"]
[Time "19:56:24"]
[TimeControl "120+12"]

1. e4 e5 2. Nc3 Nf6 3. Bc4 Nxe4 4. Qh5 Nd6 5. Bb3 Nc6 6. Nb5 g6 7. Qf3 f5 8.
Qd5 Qe7 9. Nxc7+ Kd8 10. Nxa8 b6 11. d3 Bb7 12. Nxb6 axb6 13. Qf3 e4 14.
dxe4 Nxe4 15. Be3 Bg7 16. Bxb6+ Kc8 17. Qe3 Bxb2 18. Rb1 Bc3+ 19. Kd1 f4 20.
Qxf4 Rf8 21. Qc7# {Black checkmated} 1-0

[Event "GambitGuide"]
[Site "Internet Chess Club"]
[Date "2014.10.31"]
[Round "1"]
[White "JSBach"]
[Black "TwoEqualsOne"]
[Result "1-0"]
[ICCResult "Black resigns"]
[WhiteElo "1637"]
[BlackElo "1455"]
[Opening "Vienna: `Frankenstein-Dracula' variation"]
[ECO "C27"]
[NIC "VG.02"]
[Time "19:54:51"]
[TimeControl "120+12"]

1. e4 e5 2. Nc3 Nf6 3. Bc4 Nxe4 4. Qh5 Nd6 5. Bb3 Nc6 6. Nb5 g6 7. Qf3 f5 8.
Qd5 Qe7 9. Nxc7+ Kd8 10. Nxa8 b6 11. d3 Bb7 12. Nxb6 axb6 13. Qf3 Nd4 14.
Qg3 f4 15. Qg4 Bh6 16. Ba4 e4 17. Kf1 e3 18. fxe3 fxe3 19. Qxd4 Rf8+ 20. Nf3
Bxf3 21. Qxb6+ Ke8 22. gxf3 Rxf3+ 23. Ke1 Qh4+ 24. Kd1 e2+ 25. Kxe2 Be3 26.
Bxe3 {Black resigns} 1-0

[Event "GambitGuide"]
[Site "Internet Chess Club"]
[Date "2014.10.31"]
[Round "1"]
[White "JSBach"]
[Black "babawan"]
[Result "1-0"]
[ICCResult "Black resigns"]
[WhiteElo "1637"]
[BlackElo "1764"]
[Opening "Vienna: `Frankenstein-Dracula' variation"]
[ECO "C27"]
[NIC "VG.02"]
[Time "19:56:19"]
[TimeControl "120+12"]

1. e4 e5 2. Nc3 Nf6 3. Bc4 Nxe4 4. Qh5 Nd6 5. Bb3 Nc6 6. Nb5 g6 7. Qf3 f5 8.
Qd5 Qe7 9. Nxc7+ Kd8 10. Nxa8 b6 11. d3 Nb4 12. Bg5 Nxd5 13. Bxe7+ Nxe7 14.
d4 exd4 15. O-O-O Nc6 16. c3 dxc3 17. Bd5 Bb7 18. Nxb6 axb6 19. bxc3 Be7 20.
Re1 Re8 21. Nh3 h6 22. Kb1 Kc7 23. Nf4 Na5 24. Bxb7 Naxb7 25. Nxg6 Bf6 26.
Rxe8 Nxe8 27. Re1 Ned6 28. Ne7 Bxc3 29. Nd5+ Kc6 30. Nxc3 Nb5 31. Nxb5 Kxb5
32. Re5+ Kc6 33. Rxf5 Nd6 34. Rf6 Kd5 35. Rxh6 {Black resigns} 1-0

[Event "GambitGuide"]
[Site "Internet Chess Club"]
[Date "2014.10.31"]
[Round "1"]
[White "JSBach"]
[Black "leonardoalmeida"]
[Result "0-1"]
[ICCResult "White checkmated"]
[WhiteElo "1637"]
[BlackElo "1843"]
[Opening "Vienna: `Frankenstein-Dracula' variation"]
[ECO "C27"]
[NIC "VG.02"]
[Time "19:56:32"]
[TimeControl "120+12"]

1. e4 e5 2. Nc3 Nf6 3. Bc4 Nxe4 4. Qh5 Nd6 5. Bb3 Nc6 6. Nb5 g6 7. Qf3 f5 8.
Qd5 Qe7 9. Nxc7+ Kd8 10. Nxa8 b6 11. d3 Bb7 12. Nxb6 axb6 13. Qf3 Nd4 14.
Qh3 f4 15. Ba4 Bc6 16. Bb3 Qf6 17. Qg4 Be7 18. c3 h5 19. Qh3 Nxb3 20. axb3
g5 21. f3 Qg7 22. Ra7 g4 23. fxg4 hxg4 24. Qxh8+ Qxh8 25. Kf1 Nf5 26. Ne2
Ne3+ 27. Bxe3 fxe3 28. Kg1 Qf6 29. Nf4 Qxf4 30. Rxd7+ Kxd7 31. h3 Qf2+ 32.
Kh2 g3# {White checkmated} 0-1

[Event "GambitGuide"]
[Site "Internet Chess Club"]
[Date "2014.10.31"]
[Round "1"]
[White "JSBach"]
[Black "babawan"]
[Result "1-0"]
[ICCResult "Black resigns"]
[WhiteElo "1637"]
[BlackElo "1764"]
[Opening "Vienna: `Frankenstein-Dracula' variation"]
[ECO "C27"]
[NIC "VG.02"]
[Time "19:57:33"]
[TimeControl "120+12"]

1. e4 e5 2. Nc3 Nf6 3. Bc4 Nxe4 4. Qh5 Nd6 5. Bb3 Nc6 6. Nb5 g6 7. Qf3 f5 8.
Qd5 Qe7 9. Nxc7+ Kd8 10. Nxa8 b6 11. d3 Nb4 12. Qf3 Bb7 13. Qe3 Bxa8 14. Qg5
Qxg5 15. Bxg5+ Be7 16. Bxe7+ Kxe7 17. f3 Kf6 18. O-O-O Bd5 19. Bxd5 Nxd5 20.
d4 Ne3 21. dxe5+ Kxe5 22. f4+ Kxf4 23. Rxd6 Nxg2 24. Rxd7 Re8 25. Rxa7 Re1+
26. Kd2 Rf1 27. Ne2+ {Black resigns} 1-0

[Event "GambitGuide"]
[Site "Internet Chess Club"]
[Date "2014.10.31"]
[Round "1"]
[White "JSBach"]
[Black "leonardoalmeida"]
[Result "0-1"]
[ICCResult "White checkmated"]
[WhiteElo "1637"]
[BlackElo "1843"]
[Opening "Vienna: `Frankenstein-Dracula' variation"]
[ECO "C27"]
[NIC "VG.02"]
[Time "19:57:52"]
[TimeControl "120+12"]

1. e4 e5 2. Nc3 Nf6 3. Bc4 Nxe4 4. Qh5 Nd6 5. Bb3 Nc6 6. Nb5 g6 7. Qf3 f5 8.
Qd5 Qe7 9. Nxc7+ Kd8 10. Nxa8 b6 11. d3 Bb7 12. Nxb6 axb6 13. Qf3 Nd4 14.
Qg3 f4 15. Qg4 Qf6 16. Ba4 Bc6 17. Bb3 Be7 18. Bd2 h5 19. Qh3 g5 20. f3 Qg7
21. Bb4 g4 22. fxg4 hxg4 23. Qxh8+ Qxh8 24. Bxd6 Bxd6 25. Kf1 f3 26. gxf3
Nxf3 27. Nxf3 Bxf3 28. Rg1 Qxh2 29. Rxg4 Bxg4 30. Be6 Bxe6 31. a3 Bg4 32.
Ra2 Qe2+ 33. Kg1 Bc5+ 34. d4 Bxd4+ 35. Kh1 Bf3# {White checkmated} 0-1

[Event "GambitGuide"]
[Site "Internet Chess Club"]
[Date "2014.10.31"]
[Round "1"]
[White "JSBach"]
[Black "babawan"]
[Result "1-0"]
[ICCResult "Black checkmated"]
[WhiteElo "1637"]
[BlackElo "1764"]
[Opening "Vienna: `Frankenstein-Dracula' variation"]
[ECO "C27"]
[NIC "VG.02"]
[Time "19:58:26"]
[TimeControl "120+12"]

1. e4 e5 2. Nc3 Nf6 3. Bc4 Nxe4 4. Qh5 Nd6 5. Bb3 Nc6 6. Nb5 g6 7. Qf3 f5 8.
Qd5 Qe7 9. Nxc7+ Kd8 10. Nxa8 b6 11. d3 Nb4 12. Bg5 Qxg5 13. Qxe5 Bg7 14.
Qxg7 Qxg2 15. Qf6+ Ke8 16. Nc7# {Black checkmated} 1-0